 Dungeon Crawl Stone Soup version 0.30-a0-568-g124715a40b (webtiles) character file.

Game seed: 5989271820029161924

44 flotson the Sneak (level 3, 0/29 HPs)
             Began as a Demonspawn Delver on Dec 29, 2022.
             Slain by an orc
             ... wielding a +0 morningstar
              (5 damage)
             ... on level 3 of the Dungeon.
             The game lasted 00:02:51 (696 turns).

flotson the Sneak (Demonspawn Delver)                Turns: 696, Time: 00:02:52

Health: 0/29       AC:  8    Str: 14    XL:     3   Next: 41%
Magic:  3/3        EV:  6    Int: 11    God:
Gold:   51         SH:  0    Dex: 14    Spells: 2/2 levels left

rFire   . . .      SeeInvis .    h - +0 war axe
rCold   . . .      Faith    .    (no shield)
rNeg    . . .      Spirit   .    n - +0 chain mail
rPois   .          Reflect  .    (no helmet)
rElec   .          Harm     .    (no cloak)
rCorr   .          Rampage  .    (no gloves)
Will    .....                    (no boots) Stlth
                                 (no amulet)
HPRegen 0.24/turn                (no ring)
MPRegen 0.08/turn                (no ring)

@: no status effects
A: demonic magic 1
a: no special abilities


You were on level 3 of the Dungeon.
You visited 1 branch of the dungeon, and saw 3 of its levels.

You collected 51 gold pieces.

Inventory:

Hand Weapons
 h - a +0 war axe (weapon)
Missiles
 k - a throwing net (quivered)
Armour
 n - a +0 chain mail (worn)
Wands
 g - a wand of digging (3)
Scrolls
 a - 2 scrolls of vulnerability {unknown}
 c - a scroll of fog
 d - a scroll of magic mapping
 j - a scroll of identify {unknown}
 m - a scroll of noise {unknown}
Potions
 b - a potion of heal wounds {unknown}
 f - a potion of haste
 i - 3 potions of curing {unknown}
 l - a potion of lignification {unknown}


   Skills:
 + Level 3.2 Fighting
 + Level 2.1 Axes
 + Level 1.1 Armour
 + Level 2.1 Dodging
 + Level 4.7 Stealth
 + Level 1.0 Evocations


You had 2 spell levels left.
You didn't know any spells.
Your spell library was empty.

Dungeon Overview and Level Annotations

Branches:
Dungeon (5/15)             Temple (0/1) D:4

Altars:
Dithmenos


Innate Abilities, Weirdness & Mutations

Spells you cast may paralyse adjacent enemies.


Message History

You slash the orc!
You kill the orc!
The orc hits you but does no damage.
You closely miss the orc.
The orc hits you from afar with a +0 trident.
The orc hits you but does no damage.
You are too injured to fight recklessly!
You are too injured to fight recklessly!
You are too injured to fight recklessly!
You are too injured to fight recklessly!
The orc hits you but does no damage. The orc barely misses you.
The orc attacks as you move away! The orc hits you with a +0 morningstar!
* * * LOW HITPOINT WARNING * * *
An ogre comes into view. It is wielding a +0 giant spiked club.
As you read the scroll of fear, it crumbles to dust.
You assume a fearsome visage.
The ogre looks frightened!
The ogre shouts!
The gnoll looks frightened!
The orc looks frightened! x2
You hear a shout!
You see here a +0 mace.
You see here a +0 dagger.
The orc seems to regain its courage.
A giant cockroach comes into view.
You hit the giant cockroach.
The giant cockroach is moderately wounded.
The giant cockroach bites you but does no damage.
The giant cockroach bites you.
* * * LOW HITPOINT WARNING * * *
You hit the giant cockroach.
The giant cockroach is severely wounded.
You hit the orc.
The giant cockroach bites you but does no damage.
The orc hits you but does no damage.
The giant cockroach bites you but does no damage.
You hit the giant cockroach.
You kill the giant cockroach!
You closely miss the orc. The orc hits you but does no damage.
The orc hits you with a +0 morningstar.
You die...

#.# #.# #.# #.#
########### ##.#
#.........###
...###.........o.#
.........#####.#@#
........## #.#.#
.######## #o#.# .#
#.#.# .# #)#.# .#
#.#.# .# #.#.. .#
#)##. .#
########.#


You could see an orc.

Vanquished Creatures
  2 adders
  A worm (D:3)
  3 dart slugs (D:4)
  2 orcs (D:3)
  2 giant cockroaches (D:3)
  A goblin (D:3)
  2 jackals (D:3)
  A quokka (D:4)
  A ball python (D:4)
  2 frilled lizards (D:3)
  2 kobolds
19 creatures vanquished.

Notes
Turn   | Place    | Note
-------+----------+-------------------------------------------
     0 | D:5      | flotson the Demonspawn Delver began the quest for the Orb.
     0 | D:5      | Reached XP level 1. HP: 18/18 MP: 1/1
    19 | D:5      | Noticed a black bear
    19 | D:5      | Noticed an iguana
    46 | D:5      | Gained mutation: Spells you cast may paralyse adjacent
                  | enemies. [demonic ancestry]
    46 | D:5      | Reached XP level 2. HP: 21/24 MP: 2/2
   396 | D:4      | Found a shadowy altar of Dithmenos.
   466 | D:4      | Reached XP level 3. HP: 29/29 MP: 3/3
   474 | D:4      | Found a staircase to the Ecumenical Temple.
   498 | D:3      | Reached skill level 1 in Armour
   526 | D:4      | Noticed a black bear
   591 | D:3      | Reached skill level 1 in Evocations
   675 | D:3      | HP: 1/29 [orc/+0 morningstar (11)]
   675 | D:3      | Noticed an ogre
   696 | D:3      | Slain by an orc

Illustrated notes

Levels and vault maps discovered:
D:3:      layout_loops_ring, minmay_pentomino_pile
D:4:      layout_cave_pools, kennysheep_mini, trog_book,
          minmay_temple_entry_proselytizer
D:5:      layout_basic

Skill      XL: |  1  2  3 |
---------------+----------+-----
Axes           | 2 |  2.1
Dodging        | 2 |  2.1
Armour         | 1 |  1.1
Evocations     | 1 |  1.0
Fighting       | |  3.2
Stealth        | |  4.7

Action                   || total
-------------------------++-------
Melee: Hand axe          ||     7
       Punch             ||     3
       War axe           ||    67
Throw: Throwing net      ||     1
  Use: Scroll            ||     2
Armor: Leather armour    ||     3
       Chain mail        ||    40
Dodge: Dodged            ||    35

Table legend: (Time is in decaauts)
 A = Elapsed time spent in this place.
 B = Non-inter-level travel time spent in this place.
 C = Inter-level travel time spent in this place.
 D = Time resting spent in this place.
 E = Time spent auto-exploring this place.
 F = Levels seen in this place.
 G = Mean time per level.
                   A        B        C        D        E       F      G
               +--------+--------+--------+--------+--------+-----+--------+
         Total |    725 |    723 |      2 |     44 |    290 |   3 |  241.7 |
       Dungeon |    725 |    723 |      2 |     44 |    290 |   3 |  241.7 |
               +--------+--------+--------+--------+--------+-----+--------+

Top non-repeatable levels by time:
     D:5: 266 daAuts
     D:3: 234 daAuts
     D:4: 223 daAuts
